AoeStats
← naphtaligrauer16

Glade

510567949Analyzed
1v1 RM · 1d ago on Oct 1, 2026· 54m 51s· 2 players
Game mode
Random Map
Map size
Tiny (2 player)
Population
200
Speed
Normal
Resources
Standard
Victory
Conquest
Starting age
Dark Age
Ending age
Imperial Age
RankedLock teamsTeams togetherTeam positionsShared explorationLock speedFull tech treeHidden civsTurbo modeCheats
Victory
Defeat
🇹🇼 Goths · Taiwan
1593
+11
🇩🇪 Burgundians · Germany
1491
-11
naphtaligrauer16
4:04 Double-Bit Axe
6:42 Loom
10:26 Feudal Age
8:41 Horse Collar
12:45 Bow Saw
17:08 Wheelbarrow
22:59 Castle Age
21:11 Stone Mining
21:13 Gold Mining
21:26 Fletching
23:14 Heavy Plow
23:53 Gold Shaft Mining
23:56 Stone Shaft Mining
23:48 Scale Barding Armor
23:22 Crossbowman
24:52 Forging
24:51 Bodkin Arrow
26:07 Padded Archer Armor
29:24 Chain Barding Armor
31:09 Two-Man Saw
30:41 Crop Rotation
30:34 Hand Cart
34:04 Imperial Age
32:05 Town Watch
33:00 Leather Archer Armor
34:18 Town Patrol
35:48 Chemistry
35:09 Bracer
37:51 Ballistics
42:41 Elite Skirmisher
53:24 Flemish Revolution
stevenchiu
7:12 Loom
9:21 Feudal Age
12:17 Man-at-Arms
17:31 Double-Bit Axe
18:03 Horse Collar
23:12 Castle Age
23:18 Castle Age
22:49 Scale Mail Armor
23:44 Forging
24:18 Bow Saw
24:01 Long Swordsman
24:42 Squires
25:52 Chain Mail Armor
30:27 Heavy Plow
33:51 Imperial Age
32:24 Wheelbarrow
32:09 Town Watch
32:17 Fletching
34:14 Gold Mining
34:14 Stone Mining
34:34 Pikeman
35:23 Halberdier
37:50 Masonry
37:21 Treadmill Crane
38:21 Stone Shaft Mining
39:51 Hand Cart
40:42 Onager
44:50 Architecture
46:16 Chemistry
45:37 Ballistics
47:05 Town Patrol
47:33 Anarchy
47:34 Perfusion
49:45 Iron Casting
52:39 Conscription
54:06 Elite Huskarl
56:20 Blast Furnace
55:17 Bodkin Arrow
Connection lost

Rejoining the realm…

Still unreachable

The connection could not be restored.

Session expired

The server has moved on; the page needs a fresh start.